 Dungeon Crawl Stone Soup version 0.23.2-40-g277498a001 (webtiles) character file.

Game seed: 11941870198358523451

204 Hylith the Digger (level 5, 0/28 HPs)
             Began as a Gargoyle Earth Elementalist on Aug 13, 2019.
             Slain by Grinder (2 damage)
             ... on level 3 of the Dungeon.
             The game lasted 00:05:40 (3173 turns).

Hylith the Digger (Gargoyle Earth Elementalist)     Turns: 3173, Time: 00:05:41

Health: 0/28       AC:  8    Str: 12    XL:     5   Next: 82%
Magic:  4/10       EV: 12    Int: 16    God:
Gold:   116        SH:  0    Dex: 10    Spells: 2/11 levels left

rFire    . . .     SeeInvis .   k - +0 dagger
rCold    . . .     Gourm    .   (no shield)
rNeg     + . .     Faith    .   c - +0 robe
rPois    ∞         Spirit   .   h - +0 helmet
rElec    +         Reflect  .   s - +0 cloak
rCorr    .         Harm     .   (no gloves)
MR       .....                  (no boots)
Stlth    ++........             (no amulet)
HPRegen  0.09/turn              (no ring)
MPRegen  0.12/turn              (no ring)

@: no status effects
A: negative energy resistance 1, electricity resistance, unbreathing,
petrification resistance, rot immunity, AC +4
a: no special abilities


You were on level 3 of the Dungeon.
You were not hungry.

You visited 1 branch of the dungeon, and saw 3 of its levels.

You collected 116 gold pieces.

Inventory:

Hand Weapons
 k - a +0 dagger (weapon)
 q - a +0 whip
Missiles
 b - 126 stones (quivered)
 o - 7 tomahawks
Armour
 c - a +0 robe (worn)
 h - a +0 helmet (worn)
 s - a +0 cloak (worn)
Scrolls
 a - 2 scrolls of teleportation
 j - a scroll of enchant weapon {unknown}
 n - a scroll of identify {unknown}
 p - a scroll of enchant armour {unknown}
Potions
 f - a potion of haste {unknown}
 g - a potion of heal wounds {unknown}
 i - 2 potions of magic {unknown}
 l - a potion of might
Comestibles
 d - 4 rations
 r - 4 chunks of flesh


   Skills:
 - Level 2.0 Dodging
 - Level 2.1 Stealth
 + Level 3.8 Spellcasting
 + Level 1.1 Conjurations
   Level 0.7 Transmutations
 + Level 5.6 Earth Magic


You had 2 spell levels left.
You knew the following spells:

 Your Spells              Type           Power        Failure   Level  Hunger
a - Sandblast             Erth           ###...       1%          1    None
b - Stone Arrow           Conj/Erth      ##....       13%         3    ###....
c - Lee's Rapid Deconstr  Erth           ###.......   43%         5    ######.

Your spell library contained the following spells:

 Spells                   Type           Power        Failure   Level  Hunger
 Passwall                 Tmut/Erth      ##......     7%          2    ##.....
 Petrify                  Tmut/Erth      ##......     43%         4    ####...


Dungeon Overview and Level Annotations

Branches:
Dungeon (3/15)

Altars:
Ru

Annotations:
D:3 Grinder


Innate Abilities, Weirdness & Mutations

You are resistant to torment.
Your stone body is resilient. (AC +4)
You are immune to poison.
You resist negative energy. (rN+)
You are resistant to electric shocks. (rElec)
You can survive without breathing.
You are immune to petrification.
You are immune to rotting.


Message History

Press: ? - help, Shift-Dir - straight line, f/p - Grinder
Aim: Grinder (moderately wounded)
The blast of sand hits Grinder!
Grinder is heavily wounded.
b - 127 stones The worm bites you.
* * * LOW HITPOINT WARNING * * *
Grinder drinks a potion.
Grinder is healed!
Casting: Sandblast (safe; 1% risk of failure)
Confirm with . or Enter, or press ? or * to list all spells.
Aiming: Sandblast (safe; 1% risk of failure)
Press: ? - help, Shift-Dir - straight line, f/p - Grinder
Aim: Grinder (moderately wounded)
The blast of sand hits Grinder.
Grinder is moderately wounded.
b - 126 stones Grinder hits you.
* * * LOW HITPOINT WARNING * * *
You writhe in agony.
You die...

#......# #....
........#......# #....
.......#......# #####
......#......#######
.....#........(...#
....#####..).....##
#..................
##.#.................#
#....@.......[....[..#
#....w5#####.........#
#......# #..........
+..#+#######.....#+#.. ##.
#...#+##.##.#..
.#...########...........#..
............#........####..
............#........# #..
............#.....#### #..


You could see Grinder and a worm.

Vanquished Creatures
  A crimson imp (D:2)
  An orc wizard (D:3)
  Crazy Yiuf (D:3)
  Robin (D:2)
  2 adders (D:2)
  An ooze (D:3)
  A leopard gecko (D:2)
  5 orcs
  2 ball pythons
  7 bats
  2 giant cockroaches
  20 goblins
  6 hobgoblins
  8 jackals
  3 frilled lizards
  4 kobolds
  5 rats
70 creatures vanquished.

Notes
Turn   | Place    | Note
-------+----------+-------------------------------------------
     0 | D:1      | Hylith the Gargoyle Earth Elementalist began the quest for
                  | the Orb.
     0 | D:1      | Reached XP level 1. HP: 10/10 MP: 3/3
   364 | D:1      | Reached XP level 2. HP: 2/15 MP: 0/5
   692 | D:1      | Reached skill level 4 in Earth Magic
  1159 | D:1      | Reached XP level 3. HP: 9/19 MP: 6/6
  1958 | D:2      | Reached XP level 4. HP: 24/24 MP: 5/8
  2001 | D:2      | Noticed Robin
  2009 | D:2      | Killed Robin
  2009 | D:2      | Reached skill level 5 in Earth Magic
  2159 | D:2      | Reached XP level 5. HP: 28/28 MP: 10/10
  2678 | D:2      | Learned a level 3 spell: Stone Arrow
  2684 | D:2      | Learned a level 5 spell: Lee's Rapid Deconstruction
  2985 | D:3      | Found a sacrificial altar of Ru.
  3050 | D:3      | Noticed Grinder
  3147 | D:3      | Found a runed translucent door.
  3148 | D:3      | Noticed Crazy Yiuf
  3154 | D:3      | Killed Crazy Yiuf
  3154 | D:3      | Reached skill level 1 in Conjurations
  3173 | D:3      | Slain by Grinder

Skill      XL: |  1  2  3  4  5 |
---------------+----------------+-----
Earth Magic    | 4 5 |  5.6
Dodging        | 2 |  2.0
Spellcasting   | 3 |  3.8
Conjurations   | 1 |  1.1
Stealth        | |  2.1
Transmutations | |  0.7

Action                   |  1- 3 |  4- 6 || total
-------------------------+-------+-------++-------
Melee: Unarmed           |    21 |       ||    21
       Club              |    45 |       ||    45
       Dagger            |   144 |   182 ||   326
 Cast: Sandblast         |     8 |    27 ||    35
  Use: Scroll            |       |     2 ||     2
 Stab: Sleeping          |     3 |       ||     3
  Eat: Chunk             |     3 |     5 ||     8
Armor: Robe              |   103 |    69 ||   172
Dodge: Dodged            |   196 |   147 ||   343
